 Dungeon Crawl Stone Soup version 0.21-a0-426-g98080a9 (webtiles) character file.

1056 zewo the Tainter (level 8, -1/41 HPs)
             Began as a Deep Elf Venom Mage on Nov 7, 2017.
             Shot with an arrow by a centaur (5 damage)
             ... on level 6 of the Dungeon.
             The game lasted 00:37:18 (9407 turns).

zewo the Tainter (Deep Elf Venom Mage)              Turns: 9407, Time: 00:37:19

Health: -1/41      AC:  3    Str:  5    XL:     8   Next: 6%
Magic:  0/17       EV: 13    Int: 23    God:
Gold:   224        SH:  0    Dex: 15    Spells: 6/17 levels left

rFire    . . .     SeeInvis .   r - +0 morningstar
rCold    . . .     Gourm    .   (no shield)
rNeg     . . .     Faith    .   a - +0 robe
rPois    .         Spirit   .   (no helmet)
rElec    .         Reflect  .   (no cloak)
rCorr    +         Harm     .   (no gloves)
MR       .....                  f - +0 pair of boots
Stlth    ++........             (no amulet)
HPRegen  0.13/turn              q - ring of resist corrosion
MPRegen  0.15/turn              (no ring)

@: no status effects
A: no striking features
a: no special abilities


You were on level 6 of the Dungeon.
You were very hungry.

You visited 1 branch of the dungeon, and saw 6 of its levels.

You collected 224 gold pieces.

Inventory:

Hand Weapons
 j - a +0 dagger
 r - a +0 morningstar (weapon)
Armour
 a - a +0 robe (worn)
 f - a +0 pair of boots (worn)
 o - a +0 ring mail
 s - a +0 leather armour
 u - a +1 leather armour of cold resistance
 v - a +0 ring mail
Magical Staves
 w - an uncursed staff of earth
Jewellery
 q - a ring of resist corrosion (left hand)
Scrolls
 i - 3 scrolls of remove curse
 l - a scroll of magic mapping
 y - a scroll of identify
 A - a scroll of enchant armour {unknown}
 B - a scroll of recharging
Potions
 c - 4 potions of lignification
 e - 2 potions of might
 h - a potion of magic
 k - a potion of curing
 m - 2 potions of heal wounds
 n - 2 potions of resistance {unknown}
 t - a potion of haste {unknown}
 x - a potion of brilliance {unknown}
 z - a potion of flight {unknown}
Books
 b - a Young Poisoner's Handbook

   Spells                             Type                      Level
   a - Sting                          Conjuration/Poison           1
   b - Poisonous Vapours              Poison/Air                   2
   c - Mephitic Cloud                 Conjuration/Poison/Air       3
   d - Olgreb's Toxic Radiance        Poison                       4
   e - Venom Bolt                     Conjuration/Poison           5
 g - a book of Frost

   Spells                             Type                      Level
   a - Freeze                         Ice                          1
   b - Throw Frost                    Conjuration/Ice              2
   c - Ozocubu's Armour               Charms/Ice                   3
   d - Throw Icicle                   Conjuration/Ice              4
   e - Summon Ice Beast               Ice/Summoning                4
Comestibles
 d - a meat ration
 p - 2 bread rations
 D - a royal jelly


   Skills:
 - Level 2.4 Dodging
 - Level 2.4 Stealth
 - Level 5.0 Spellcasting
 - Level 3.7 Conjurations
 - Level 3.0 Ice Magic
 + Level 9.0 Poison Magic


You had 6 spell levels left.
You knew the following spells:

 Your Spells              Type           Power        Failure   Level  Hunger
a - Sting                 Conj/Pois      ####         1%          1    None
b - Poisonous Vapours     Pois/Air       ####..       2%          2    None
c - Olgreb's Toxic Radia  Pois           #####...     2%          4    ####...
d - Throw Icicle          Conj/Ice       ###.....     24%         4    ####...


Dungeon Overview and Level Annotations

Branches:
Dungeon (6/15)
 Temple: D:4-7

Altars:
Gozag
The Shining One

Annotations:
D:3 Lliillii's ghost, weakling VSMo
D:4 Ekaitz's ghost, amateur DrTm


Message History

The centaur shoots an arrow.
The arrow hits you. The arrow burns you.
You hear a shout! x2
Your toxic aura wanes.
The centaur shoots an arrow.
The arrow hits you! The arrow burns you.
You hear a shout!
The centaur shoots an arrow.
The arrow barely misses you.
The centaur shoots an arrow.
The arrow closely misses you.
There is a stone staircase leading up here.
You see here an arrow.
Casting: Sting
Confirm with . or Enter, or press ? or * to list all spells.
Aiming: Sting
Press: ? - help, Shift-Dir - straight line, f/p - centaur
Aim: a centaur, wielding a shortbow of flaming (severely wounded, poisoned)
The sting hits the centaur.
The centaur looks as sick as possible!
The centaur is almost dead.
The centaur shoots an arrow.
The arrow hits you!
* * * LOW HITPOINT WARNING * * *
The arrow burns you.
You die...

# #. . #. ..
#### .### .#
.... ..# .#
#.# .#
###@###.# #
#..(..#.#.#
##.#.#.#...#
.(......c...#
###.#.#.##.##
#.....# #
###.### #.#
#.


You could see a centaur.

Vanquished Creatures
  3 ogres
  2 bullfrogs (D:6)
  2 scorpions (D:5)
  2 hounds
  An iguana (D:4)
  An orc priest (D:5)
  2 orc wizards
  A bullfrog skeleton (D:6)
  Natasha (thrice) (D:4)
  2 worker ants
  A worker ant zombie (D:6)
  2 gnolls (D:4)
  10 adders
  An ooze (D:4)
  3 worms
  2 dart slugs
  3 leopard geckos
  19 orcs
  A ball python (D:3)
  6 giant cockroaches
  4 goblins
  9 hobgoblins
  4 jackals (D:5)
  3 quokkas
  6 bats
  8 frilled lizards
  A jackal skeleton (D:6)
  8 kobolds
  11 rats
121 creatures vanquished.

Notes
Turn   | Place    | Note
-------+----------+-------------------------------------------
     0 | D:1      | zewo the Deep Elf Venom Mage began the quest for the Orb.
     0 | D:1      | Reached XP level 1. HP: 10/10 MP: 6/6
   556 | D:1      | Found a glowing golden altar of the Shining One.
   660 | D:1      | Reached XP level 2. HP: 15/15 MP: 4/8
   723 | D:1      | Reached skill level 4 in Poison Magic
   803 | D:1      | Learned a level 2 spell: Poisonous Vapours
  1368 | D:2      | Reached XP level 3. HP: 19/19 MP: 4/9
  1801 | D:2      | Reached skill level 5 in Poison Magic
  2317 | D:3      | Reached XP level 4. HP: 24/24 MP: 2/10
  2364 | D:3      | Learned a level 4 spell: Olgreb's Toxic Radiance
  3158 | D:3      | Noticed Lliillii's ghost (weakling VSMo)
  3530 | D:3      | Reached skill level 6 in Poison Magic
  4039 | D:4      | Reached XP level 5. HP: 26/28 MP: 6/11
  4641 | D:4      | Noticed a phantom
  4734 | D:4      | Noticed Natasha
  4745 | D:4      | Killed Natasha
  4856 | D:5      | Entered Level 5 of the Dungeon
  5081 | D:5      | Found an opulent altar of Gozag.
  5088 | D:5      | Noticed an ogre
  5103 | D:5      | Killed an ogre
  5103 | D:5      | Reached skill level 7 in Poison Magic
  5103 | D:5      | Reached XP level 6. HP: 32/32 MP: 5/14
  5313 | D:4      | Learned a level 4 spell: Throw Icicle
  5961 | D:4      | Noticed Natasha
  6082 | D:4      | Noticed Ekaitz's ghost (amateur DrTm)
  6908 | D:4      | Killed Natasha
  6971 | D:4      | Noticed a hippogriff
  7386 | D:5      | Reached skill level 5 in Spellcasting
  7783 | D:4      | Noticed Natasha
  7787 | D:4      | Killed Natasha
  8020 | D:5      | Reached skill level 1 in Ice Magic
  8020 | D:5      | Reached XP level 7. HP: 36/36 MP: 9/16
  9072 | D:6      | Reached skill level 8 in Poison Magic
  9343 | D:6      | Reached skill level 9 in Poison Magic
  9343 | D:6      | Reached XP level 8. HP: 41/41 MP: 1/17
  9407 | D:6      | Shot with an arrow by a centaur

Vault maps used:
D:1:      sevenhm_arrival_forest_fort_large_2, minmay_misc_feat_x, tso_altar
D:4:      uniq_natasha
D:5:      kennysheep_little_box, first_bread
D:6:      portal_sewer_entry_e, serial_shops, shop, water_boxes_lemuel

Skill      XL: |  1  2  3  4  5  6  7 |
---------------+----------------------+-----
Poison Magic   | 4 5 6 7 9 |  9.0
Spellcasting   | 4 5 |  5.0
Conjurations   | 2 3 |  3.7
Ice Magic      | 1 3 |  3.0
Dodging        | |  2.4
Stealth        | |  2.4

Action                   |  1- 3 |  4- 6 |  7- 9 || total
-------------------------+-------+-------+-------++-------
Melee: Dagger            |     3 |       |       ||     3
       Morningstar       |       |    42 |    20 ||    62
       Staff             |       |     7 |       ||     7
 Cast: Sting             |    96 |    81 |    21 ||   198
       Olgreb's Toxic Ra |       |    44 |    22 ||    66
       Poisonous Vapours |       |     1 |       ||     1
       Throw Icicle      |       |     3 |     8 ||    11
  Use: Scroll            |     8 |     4 |       ||    12
  Eat: Chunk             |     4 |    17 |     4 ||    25
       Bread ration      |       |     1 |       ||     1
       Fruit             |       |     4 |       ||     4
       Meat ration       |       |       |     1 ||     1
Armor: Robe              |     4 |    19 |     7 ||    30
Dodge: Dodged            |     7 |    66 |    25 ||    98

Table legend:
 A = Spawn XP
 B = Non-spawn XP
 C = Spawn XP percentage of total XP
 D = Spawn monster count
 E = Non-spawn monster count
 F = Spawn count percentage of total count
 G = Total turns spent on level
                    A         B        C        D         E        F      G
               +---------+---------+-------+---------+---------+-------+---------
         Total |       0 |    1509 |   0.0 |       0 |     121 |   0.0 |  9407
               +---------+---------+-------+---------+---------+-------+---------
           D:1 |       0 |      23 |   0.0 |       0 |      13 |   0.0 |  1048
           D:2 |       0 |      66 |   0.0 |       0 |      26 |   0.0 |  1181
           D:3 |       0 |      83 |   0.0 |       0 |      30 |   0.0 |  1868
           D:4 |       0 |     298 |   0.0 |       0 |      19 |   0.0 |  3644
           D:5 |       0 |     463 |   0.0 |       0 |      20 |   0.0 |   892
           D:6 |       0 |     576 |   0.0 |       0 |      13 |   0.0 |   774
               +---------+---------+-------+---------+---------+-------+---------
